 Dungeon Crawl Stone Soup version 0.30-a0-738-g116ff8c4af (webtiles) character file.

Game seed: 16839276963277457818

348 IdlyInterested the Cudgeller (level 6, 0/48 HPs)
             Began as a Demonspawn Gladiator on Feb 3, 2023.
             Slain by an orc
             ... wielding a +0 short sword
              (1 damage)
             ... on level 4 of the Dungeon.
             The game lasted 00:07:55 (3121 turns).

IdlyInterested the Cudgeller (Demonspawn Gladiator) Turns: 3121, Time: 00:07:56

Health: 0/48       AC: 18    Str: 17    XL:     6   Next: 33%
Magic:  6/6        EV: 12    Int:  9    God:
Gold:   144        SH:  0    Dex: 14    Spells: 5/5 levels left

rFire   x . .      SeeInvis .    m - +0 flail (protect)
rCold   + + .      Faith    .    (no shield)
rNeg    . . .      Spirit   .    q - +3 leather armour
rPois   .          Reflect  .    c - +0 helmet
rElec   .          Harm     .    (no cloak)
rCorr   .          Rampage  .    f - +1 pair of gloves
Will    .....                    (no boots)
Stlth   +                        (no amulet)
HPRegen 0.28/turn                i - ring of protection from cold
MPRegen 0.20/turn                l - ring of ice

@: under a protective aura
A: icy blue scales 1, magic regeneration
a: no special abilities


You were on level 4 of the Dungeon.
You visited 1 branch of the dungeon, and saw 4 of its levels.

You collected 144 gold pieces.

Inventory:

Hand Weapons
 a - a +1 flail
 k - a +0 morningstar
 m - a +0 flail of protection (weapon)
Missiles
 b - 19 stones (quivered)
 d - 2 throwing nets
Armour
 c - a +0 helmet (worn)
 f - a +1 pair of gloves (worn)
 q - a +3 leather armour (worn)
Magical Staves
 o - a staff of fire
Jewellery
 i - a ring of protection from cold (left hand)
 l - a ring of ice (right hand)
Scrolls
 g - a scroll of poison {unknown}
 h - a scroll of torment {unknown}
 j - a scroll of amnesia
Potions
 e - a potion of flight {unknown}
 n - 2 potions of mutation


   Skills:
 + Level 3.6 Fighting
 * Level 5.6 Maces & Flails
 - Level 2.0 Throwing
 - Level 3.0 Dodging


You had 5 spell levels left.
You didn't know any spells.
Your spell library was empty.

Dungeon Overview and Level Annotations

Branches:
Dungeon (4/15)
 Temple: D:4-7

Altars:
Dithmenos
Trog
Wu Jian

Shops:
D:3 [


Innate Abilities, Weirdness & Mutations

You are partially covered in icy blue scales. (AC +2)
You regenerate magic rapidly.


Message History

HP restored.
Items here: ))) [[[ †††.
Okay, then.
Items here: ))) [[ ††.
Okay, then.
You see here a +0 trident.
An orc comes into view. It is wielding a +0 short sword.
You see here a smoky grey potion.
e - a smoky grey potion The orc shouts!
The orc throws a boomerang.
The boomerang hits you but does no damage.
An orc comes into view.
It is wielding a +0 club and wearing a +1 chain mail of poison resistance.
An orc warrior comes into view. It is wielding a +0 glaive.
The orc warrior shouts!
The orc shouts!
You hear a shout!
Found a book of Decay.
An orc comes into view. It is wielding a +0 club.
The orc throws a boomerang.
The boomerang hits you but does no damage.
Found an escape hatch in the ceiling.
The orc throws a boomerang.
The boomerang closely misses you.
The orc warrior hits you from afar with a +0 glaive!
Found 2 stones.
The orc barely misses you.
The orc warrior hits you with a +0 glaive!
You hit the orc warrior but do no damage.
Your weapon exudes an aura of protection.
The orc barely misses you. The orc misses you.
The orc warrior hits you with a +0 glaive!
* * * LOW HITPOINT WARNING * * *
You hit the orc warrior but do no damage.
The orc hits you but does no damage. The orc misses you.
The orc warrior hits you with a +0 glaive!
* * * LOW HITPOINT WARNING * * *
You hit the orc warrior but do no damage.
You punch the orc warrior, but do no damage.
The orc hits you with a +0 short sword.
* * * LOW HITPOINT WARNING * * *
The orc hits you but does no damage. The orc warrior barely misses you.
You barely miss the orc warrior. The orc hits you with a +0 short sword.
You die...

..........## ...
.........)##### (..
...#(....))..# #..
.........###......#
...#####....#
####...
#.######...#### .
.###..:.#..........
..........##.......
......o@#..#.#####.#
......oo##...# #
.......o. ...#
........###....
........# .....
.....<..# .....#
........# #..###
#.#......


You could see an orc warrior and 3 orcs.

Vanquished Creatures
  2 orc priests (D:4)
  5 orc wizards
  4 gnolls (D:2)
  An adder (D:2)
  A white imp (D:4)
  2 worms (D:2)
  3 dart slugs
  14 orcs
  7 bats
  14 endoplasms
  2 giant cockroaches
  7 hobgoblins
  3 kobolds
  5 quokkas
  6 ball pythons
  2 frilled lizards
  4 goblins
  2 rats (D:1)
84 creatures vanquished.

Notes
Turn   | Place    | Note
-------+----------+-------------------------------------------
     0 | D:1      | IdlyInterested the Demonspawn Gladiator began the quest for
                  | the Orb.
     0 | D:1      | Reached XP level 1. HP: 16/16 MP: 1/1
   118 | D:1      | Reached skill level 3 in Maces & Flails
   160 | D:1      | Gained mutation: You regenerate magic rapidly. [demonic
                  | ancestry]
   160 | D:1      | Reached XP level 2. HP: 20/22 MP: 2/2
   203 | D:1      | Found a faded altar of an unknown god.
   859 | D:2      | Reached XP level 3. HP: 27/27 MP: 3/3
  1149 | D:2      | Reached skill level 4 in Maces & Flails
  1194 | D:2      | Reached XP level 4. HP: 9/33 MP: 4/4
  1859 | D:3      | Found Nisoclu's Armour Boutique.
  2170 | D:3      | Found an ornate altar of the Wu Jian Council.
  2297 | D:3      | Reached XP level 5. HP: 37/40 MP: 5/5
  2646 | D:3      | Found a shadowy altar of Dithmenos.
  2646 | D:3      | Found a bloodstained altar of Trog.
  2742 | D:4      | Reached skill level 5 in Maces & Flails
  2949 | D:4      | Gained mutation: You are partially covered in icy blue
                  | scales. (AC +2) [demonic ancestry]
  2949 | D:4      | Reached XP level 6. HP: 5/47 MP: 6/6
  2950 | D:4      | HP: 2/70 [orc/+0 trident (3)]
  3113 | D:4      | Noticed an orc warrior
  3120 | D:4      | HP: 1/48 [orc/+0 short sword (2)]
  3121 | D:4      | Slain by an orc

Illustrated notes

Levels and vault maps discovered:
D:1:      dpeg_arrival_radiant, layout_loops_ring,
          hellmonk_ecumenical_altar_inner_sanctum, minmay_small_reverse_x
D:2:      layout_rooms
D:3:      layout_basic, grunt_temple_overflow_open, nzn_wu_jian_council_hall,
          serial_shops, nicolae_diamond_shop
D:4:      layout_rooms, lemuel_zombie_altar_kikubaaqudgha, serial_glass,
          glass_columns_a, glass_columns_a, uniq_edmund, uniq_robin

Skill      XL: |  1  2  3  4  5 |
---------------+----------------+-----
Maces & Flails | 3 4 5 |  5.6
Throwing       | 2 |  2.0
Dodging        | 3 |  3.0
Fighting       | 3 |  3.6

Action                     |  1- 3 |  4- 6 || total
---------------------------+-------+-------++-------
  Melee: Flail             |   104 |   147 ||   251
         Staff             |    12 |       ||    12
         Punch             |     2 |     1 ||     3
  Throw: Stone             |     1 |       ||     1
         Throwing net      |       |     3 ||     3
         Javelin           |       |     2 ||     2
    Use: Scroll            |     5 |     1 ||     6
         Potion            |     1 |     2 ||     3
   Stab: Sleeping          |     2 |       ||     2
 Armour: Leather armour    |     3 |    79 ||    82
         Scale mail        |    42 |    25 ||    67
  Dodge: Dodged            |    77 |   104 ||   181

Table legend: (Time is in decaauts)
 A = Elapsed time spent in this place.
 B = Non-inter-level travel time spent in this place.
 C = Inter-level travel time spent in this place.
 D = Time resting spent in this place.
 E = Time spent auto-exploring this place.
 F = Levels seen in this place.
 G = Mean time per level.
                   A        B        C        D        E       F      G
               +--------+--------+--------+--------+--------+-----+--------+
         Total |   3185 |   2761 |    424 |    630 |   1383 |   4 |  796.2 |
       Dungeon |   3185 |   2761 |    424 |    630 |   1383 |   4 |  796.2 |
               +--------+--------+--------+--------+--------+-----+--------+

Top non-repeatable levels by time:
     D:3: 1016 daAuts
     D:1: 986 daAuts
     D:2: 798 daAuts
     D:4: 384 daAuts
